 Dungeon Crawl Stone Soup version 0.20.1-1-g8b1a95d (webtiles) character file.

11529 raph the Reanimator (level 11, -14/93 HPs)
             Began as a Deep Dwarf Necromancer on Sept 24, 2017.
             Was a Priest of Makhleb.
             Demolished by an orc warrior
             ... wielding a +0 short sword
              (18 damage)
             ... on level 10 of the Dungeon.
             The game lasted 00:51:35 (15006 turns).

raph the Reanimator (Deep Dwarf Necromancer)       Turns: 15006, Time: 00:51:35

Health: -14/93     AC:  5    Str: 13    XL:     11   Next: 50%
Magic:  19/19      EV: 19    Int: 20    God:    Makhleb [***...]
Gold:   314        SH:  0    Dex: 14    Spells: 0/21 levels left

rFire    x . .     SeeInvis .   a - +1 dagger (venom)
rCold    . . .     Gourm    .   (no shield)
rNeg     . . .     Faith    .   o - +2 leather armour
rPois    .         Spirit   .   (no helmet)
rElec    .         Reflect  .   (no cloak)
rCorr    .         Harm     .   (no gloves)
MR       +....                  (no boots)
Stlth    ++++......             (no amulet)
Regen    0.0/turn               B - ring of ice
MPRegen  0.2/turn               L - ring of Joetoh {rC- EV+3 Int+3 Slay+2}

@: non-regenerating
A: damage resistance, heal wounds, sense surroundings 2, no regeneration
a: Heal Wounds, Minor Destruction, Lesser Servant of Makhleb, Renounce Religion


You were on level 10 of the Dungeon.
You worshipped Makhleb.
Makhleb was most pleased with you.
You were very hungry.

You visited 2 branches of the dungeon, and saw 11 of its levels.

You collected 483 gold pieces.
You spent 169 gold pieces at shops.

Inventory:

Hand Weapons
 a - a +1 dagger of venom (weapon)
 d - a +2 dagger of speed
 C - a +2 falchion of holy wrath
Missiles
 F - 9 tomahawks (quivered)
Armour
 o - a +2 leather armour (worn)
Magical Staves
 b - an uncursed staff of wizardry
 f - an uncursed staff of conjuration
 I - an uncursed staff of earth
Jewellery
 B - a ring of ice (left hand)
 H - an uncursed ring of resist corrosion
 L - the ring of Joetoh (right hand) {rC- EV+3 Int+3 Slay+2}
   (You took it off an orc on level 5 of the Dungeon)

   [ring of evasion]

   It affects your evasion (+3).
   It affects your intelligence (+3).
   It affects your accuracy and damage with ranged weapons and melee attacks
   (+2).
   It makes you vulnerable to cold.
Wands
 k - a wand of lightning (3/15)
 p - a wand of paralysis (14/24)
 s - a wand of confusion (23/48)
 y - a wand of confusion (18/48)
 D - a wand of lightning (6/15)
 G - a wand of iceblast (9/15)
Scrolls
 e - a scroll of fog {unknown}
 h - 3 scrolls of teleportation
 j - 2 scrolls of recharging
 l - 5 scrolls of identify
 m - a scroll of blinking
 n - 3 scrolls of noise
 K - 2 scrolls of remove curse
 M - a scroll of magic mapping
 N - 2 scrolls of amnesia
 P - a scroll of enchant armour
Potions
 g - 2 potions of agility
 u - 4 potions of flight
 w - 3 potions of curing
 z - a potion of cancellation
 A - a potion of brilliance
 J - 2 potions of lignification
Books
 q - a book of Necromancy

   Spells                             Type                      Level
   a - Pain                           Necromancy                   1
   b - Animate Skeleton               Necromancy                   1
   c - Vampiric Draining              Necromancy                   3
   d - Regeneration                   Charms/Necromancy            3
   e - Animate Dead                   Necromancy                   4
   f - Control Undead                 Necromancy                   4
 r - a book of Cantrips

   Spells                             Type                      Level
   a - Confusing Touch                Hexes                        1
   b - Animate Skeleton               Necromancy                   1
   c - Summon Small Mammal            Summoning                    1
   d - Apportation                    Translocation                1
 x - a book of Debilitation

   Spells                             Type                      Level
   a - Corona                         Hexes                        1
   b - Slow                           Hexes                        2
   c - Inner Flame                    Hexes/Fire                   3
   d - Portal Projectile              Hexes/Translocation          3
   e - Cause Fear                     Hexes                        4
   f - Leda's Liquefaction            Hexes/Earth                  4
 E - a book of Frost

   Spells                             Type                      Level
   a - Freeze                         Ice                          1
   b - Throw Frost                    Conjuration/Ice              2
   c - Ozocubu's Armour               Charms/Ice                   3
   d - Throw Icicle                   Conjuration/Ice              4
   e - Summon Ice Beast               Ice/Summoning                4
Comestibles
 c - 6 bread rations


   Skills:
 + Level 4.6 Fighting
 - Level 1.0 Short Blades
 + Level 7.6 Dodging
 + Level 9.2 Stealth
 + Level 5.8 Spellcasting
 + Level 2.4 Conjurations
 - Level 3.7 Charms
 + Level 10.6 Necromancy
 + Level 5.4 Ice Magic
 + Level 7.2 Invocations


You couldn't memorise any spells.
You knew the following spells:

 Your Spells              Type           Power        Failure   Level  Hunger
a - Pain                  Necr           ####         1%          1    None
b - Animate Skeleton      Necr           N/A          1%          1    None
c - Vampiric Draining     Necr           #####.....   1%          3    ##.....
d - Control Undead        Necr           #####.....   1%          4    ####...
e - Freeze                Ice            ####         1%          1    None
f - Ozocubu's Armour      Chrm/Ice       #####...     6%          3    ##.....
g - Throw Icicle          Conj/Ice       ####....     26%         4    ####...
h - Animate Dead          Necr           N/A          1%          4    ####...


Dungeon Overview and Level Annotations

Branches:
Dungeon (10/15)            Temple (1/1) D:6             Orc (0/2) D:9
   Lair: D:8-11

Altars:
Ashenzari
Cheibriados
Dithmenos
Elyvilon
Fedhas
Gozag
Hepliaklqana
Kikubaaqudgha
Makhleb
Nemelex Xobeh
Okawaru
Qazlal
Ru
Sif Muna
Trog
Uskayaw
Vehumet
Xom
Yredelemnul
Zin
The Shining One

Shops:
D:5 !   D:7 *

Annotations:
D:3 arta's ghost, amateur HuFE


Innate Abilities, Weirdness & Mutations

You are resistant to damage.
You can heal yourself by infusing magical energy.
You passively map the area around you.
You do not regenerate.


Message History

Your icy armour starts to melt.
You see here 22 stones.
You hit the orc warrior but do no damage.
The orc warrior looks even sicker.
The orc warrior is severely wounded.
The orc warrior hits you with a short sword.
* * * LOW HITPOINT WARNING * * *
Casting: Pain
Confirm with . or Enter, or press ? or * to list all spells.
Aiming: Vampiric Draining
Press: ? - help, Shift-Dir - straight line, f/p - orc warrior
Aim: an orc warrior, wielding a short sword and wearing a plate armour (severely wounded, poisoned)
The orc warrior is almost dead.
You feel life coursing into your body.
The orc warrior hits you with a short sword!
* * * LOW HITPOINT WARNING * * *
Magic courses through your body.
Your icy armour evaporates.
The orc warrior hits you with a short sword!!
You die...

.# ##.)...# ## ###
#.....## # ####.###
#..#### ####......##
#..# ##..)......# #..#
#..........##
#..######
............#
#.#.....##
............#
#.#o.....#
............#
#.@.....##
............#
#......##
............# #......#
...........####....###
####
...........##.....##
###..#
.................##
##....##
.[.........#####..##
##.....(# ...........#
##..# ##.......#
..........##
##.####........#


You could see an orc warrior.

Vanquished Creatures
  Erolcha (D:9)
  3 two-headed ogres
  An unseen horror (D:10)
  A manticore (D:8)
  A centaur zombie (D:7)
  A centaur skeleton (D:10)
  A troll (D:10)
  A hippogriff (D:9)
  Sigmund (D:5)
  2 wyverns
  3 humans (D:7)
  3 yaks
  A water moccasin (D:9)
  5 orc warriors
  A black bear (D:9)
  2 sky beasts
  4 ogres
  An ice beast (D:10)
  5 centaurs
  5 bullfrogs
  A wyvern skeleton (D:8)
  18 killer bees
  6 scorpions
  An electric eel (D:6)
  2 howler monkeys (D:9)
  A bullfrog zombie (D:9)
  3 crimson imps
  A quasit (D:6)
  8 hounds
  8 orc priests
  2 jellies
  Ijyb (D:5)
  3 iguanas
  8 orc wizards
  6 worker ants
  A hound zombie (D:7)
  12 adders
  4 gnolls
  A howler monkey skeleton (D:7)
  An ooze (D:5)
  An adder zombie (D:10)
  An adder skeleton (D:5)
  2 worms
  3 dart slugs
  5 leopard geckos
  40 orcs
  5 giant cockroaches
  9 goblins
  6 hobgoblins
  11 jackals
  4 kobolds
  5 quokkas
  A ball python (D:2)
  10 bats
  5 frilled lizards
  A jackal zombie (D:5)
  A leopard gecko skeleton (D:7)
  2 quokka skeletons
  A quokka zombie (D:8)
  7 rats
251 creatures vanquished.

Vanquished Creatures (collateral kills)
  A two-headed ogre (D:10)
  2 humans (D:7)
  An ogre (D:9)
  A bullfrog (D:7)
  A crimson imp (D:5)
  A quasit (D:7)
  A worker ant (D:9)
  An adder (D:2)
  An adder zombie (D:10)
  A giant cockroach (D:7)
  2 goblins
13 creatures vanquished.

Grand Total: 264 creatures vanquished

Notes
Turn   | Place    | Note
-------+----------+-------------------------------------------
     0 | D:1      | raph the Deep Dwarf Necromancer began the quest for the Orb.
     0 | D:1      | Reached XP level 1. HP: 15/15 MP: 3/3
    78 | D:1      | Learned a level 1 spell: Animate Skeleton
   230 | D:1      | Reached XP level 2. HP: 22/22 MP: 1/4
  1014 | D:2      | Reached XP level 3. HP: 22/28 MP: 6/6
  1041 | D:2      | Learned a level 3 spell: Vampiric Draining
  1052 | D:2      | Found a bloodstained altar of Trog.
  1072 | D:2      | Reached skill level 5 in Necromancy
  1223 | D:2      | Reached XP level 4. HP: 26/36 MP: 7/7
  1834 | D:3      | Noticed arta's ghost (amateur HuFE)
  2198 | D:3      | Reached XP level 5. HP: 30/42 MP: 2/8
  2574 | D:3      | Found an opulent altar of Gozag.
  2783 | D:3      | Learned a level 4 spell: Control Undead
  3083 | D:4      | Noticed a phantom
  3424 | D:4      | Reached skill level 6 in Necromancy
  3424 | D:4      | Reached XP level 6. HP: 13/49 MP: 3/10
  3604 | D:5      | Entered Level 5 of the Dungeon
  3791 | D:5      | Found a snail-covered altar of Cheibriados.
  3864 | D:5      | You fall through a shaft for 3 floors!
  3872 | D:8      | Learned a level 1 spell: Freeze
  4070 | D:7      | Found Vemutup's Elemental Accessories.
  4096 | D:7      | Found a bloodstained altar of Trog.
  4492 | D:6      | Found a staircase to the Ecumenical Temple.
  4503 | D:6      | Reached skill level 1 in Ice Magic
  4503 | D:6      | Reached XP level 7. HP: 10/55 MP: 5/11
  4506 | Temple   | Entered the Ecumenical Temple
  4603 | Temple   | Became a worshipper of Makhleb the Destroyer
  4729 | D:5      | Reached skill level 5 in Stealth
  4806 | D:5      | Found a blossoming altar of Fedhas.
  4988 | D:5      | Reached skill level 7 in Necromancy
  5235 | D:5      | Noticed Ijyb
  5279 | D:5      | Killed Ijyb
  5799 | D:4      | Reached XP level 8. HP: 31/62 MP: 6/13
  6170 | D:5      | Got a smoking platinum ring
  6238 | D:5      | Learned a level 3 spell: Ozocubu's Armour
  6283 | D:5      | Noticed Sigmund
  6293 | D:5      | Killed Sigmund
  6293 | D:5      | Reached skill level 5 in Dodging
  6293 | D:5      | Reached skill level 1 in Invocations
  6295 | D:5      | Identified the ring of Joetoh {rC- EV+3 Int+3 Slay+2} (You took it off an orc on level 5 of the Dungeon)
  6345 | D:5      | Found Nisyod's Distillery.
  6477 | D:5      | Bought a potion of heal wounds for 65 gold pieces
  6477 | D:5      | Bought a potion of magic for 104 gold pieces
  6809 | D:6      | Reached skill level 1 in Fighting
  6856 | D:3      | Found a faded altar of an unknown god.
  7074 | D:5      | Found a sparkling altar of Nemelex Xobeh.
  7382 | D:6      | Reached skill level 1 in Charms
  7382 | D:6      | Reached skill level 8 in Necromancy
  8002 | D:7      | Found a large runed door.
  8002 | D:7      | Found a large runed door.
  8039 | D:7      | Got a fine ring mail
  8050 | D:7      | Identified the cursed +1 ring mail of Noughts and Crosses {rCorr Str-4 Dex+2} (You found it on level 7 of the Dungeon)
  8219 | D:7      | Gained mutation: You passively map the area around you. [Deep Dwarf growth]
  8219 | D:7      | Reached XP level 9. HP: 24/73 MP: 5/15
  8297 | D:7      | Reached * piety under Makhleb
  8925 | D:7      | Found a runed door.
  8929 | D:7      | Found a runed door.
  9070 | D:7      | Reached skill level 9 in Necromancy
 10005 | D:7      | Reached XP level 10. HP: 80/84 MP: 12/17
 10399 | D:8      | Noticed a manticore
 10410 | D:8      | Killed a manticore
 10699 | D:8      | Reached skill level 5 in Invocations
 10797 | D:8      | Reached ** piety under Makhleb
 10801 | D:8      | Reached skill level 5 in Spellcasting
 10976 | D:8      | Noticed a two-headed ogre
 11005 | D:8      | Killed a two-headed ogre
 11005 | D:8      | Reached skill level 10 in Necromancy
 11295 | D:9      | Found a staircase to the Orcish Mines.
 11597 | D:9      | Noticed Erolcha
 11615 | D:9      | Killed Erolcha
 11615 | D:9      | Reached skill level 1 in Short Blades
 11754 | D:9      | Found a hazy altar of Hepliaklqana.
 11755 | D:9      | Found a sacrificial altar of Ru.
 11758 | D:9      | Found a glowing golden altar of the Shining One.
 12248 | D:9      | Learned a level 4 spell: Throw Icicle
 12304 | D:10     | Entered Level 10 of the Dungeon
 12443 | D:10     | Noticed a two-headed ogre
 12456 | D:10     | Killed a two-headed ogre
 12456 | D:10     | Reached XP level 11. HP: 90/92 MP: 4/19
 12483 | D:10     | Learned a level 4 spell: Animate Dead
 12816 | D:10     | Reached skill level 1 in Conjurations
 13187 | D:10     | Reached *** piety under Makhleb
 13335 | D:10     | Noticed a two-headed ogre
 13617 | D:9      | Reached skill level 5 in Ice Magic
 13800 | D:10     | Killed an unseen horror
 14179 | D:10     | Noticed a two-headed ogre
 14255 | D:10     | Killed a two-headed ogre
 14724 | D:10     | Killed a two-headed ogre
 15004 | D:10     | HP: 4/93 [orc warrior/short sword (9)]
 15006 | D:10     | Demolished by an orc warrior

Skill      XL: |  1  2  3  4  5  6  7  8  9 10 11 |
---------------+----------------------------------+-----
Spellcasting   | 2 3 4 5 |  5.8
Stealth        | 3 4 5 6 7 8 9 |  9.2
Necromancy     | 5 6 7 8 9 10 | 10.6
Dodging        | 3 4 5 6 7 |  7.6
Ice Magic      | 1 2 3 4 5 |  5.4
Invocations    | 2 4 6 7 |  7.2
Fighting       | 2 3 4 |  4.6
Charms         | 1 2 3 |  3.7
Short Blades   | 1 |  1.0
Conjurations   | 2 |  2.4

Action                   |  1- 3 |  4- 6 |  7- 9 | 10-12 || total
-------------------------+-------+-------+-------+-------++-------
Melee: Dagger            |    69 |   109 |   188 |   248 ||   614
       Staff             |       |       |    14 |     9 ||    23
       Falchion          |       |       |    17 |    24 ||    41
 Cast: Pain              |    23 |    34 |    34 |    15 ||   106
       Animate Skeleton  |     9 |    19 |    18 |    27 ||    73
       Vampiric Draining |     2 |    28 |    97 |   104 ||   231
       Freeze            |       |     7 |    10 |     2 ||    19
       Control Undead    |       |     5 |       |     1 ||     6
       Ozocubu's Armour  |       |       |    21 |    39 ||    60
       Throw Icicle      |       |       |       |    14 ||    14
       Animate Dead      |       |       |       |     1 ||     1
Invok: Lesser Servant of |       |       |       |     1 ||     1
Evoke: Wand              |       |       |       |     1 ||     1
  Use: Scroll            |       |     9 |    13 |     4 ||    26
       Potion            |       |     1 |       |     4 ||     5
 Stab: Sleeping          |     3 |     3 |     1 |     5 ||    12
  Eat: Chunk             |     2 |    14 |    11 |    20 ||    47
       Fruit             |       |     1 |     1 |       ||     2
       Meat ration       |       |       |     2 |       ||     2
       Royal jelly       |       |       |     2 |     2 ||     4
Armor: Robe              |    14 |       |       |       ||    14
       Leather armour    |       |    46 |    73 |   108 ||   227
Dodge: Dodged            |    64 |   115 |   276 |   391 ||   846
       Rpst.: Falchion   |       |       |     8 |     4 ||    12
